 Dungeon Crawl Stone Soup version 0.26-a0-651-gb41185065b (webtiles) character file.

Game seed: 6108176996596130340

745 Irenicus the Cleaver (level 7, -1/58 HPs)
             Began as a Deep Dwarf Gladiator on Oct 3, 2020.
             Was an Initiate of Makhleb.
             Slain by a worker ant (3 damage)
             ... on level 5 of the Dungeon.
             The game lasted 00:15:50 (2497 turns).

Irenicus the Cleaver (Deep Dwarf Gladiator)         Turns: 2497, Time: 00:15:51

Health: -1/58      AC:  9    Str: 18      XL:     7   Next: 47%
Magic:  7/7        EV: 14    Int:  8      God:    Makhleb [......]
Gold:   293        SH:  0    Dex: 15 (16) Spells: 6/6 levels left

rFire    . . .     SeeInvis .   k - +0 hand axe
rCold    . . .     Faith    .   (no shield)
rNeg     . . .     Spirit   .   n - +0 ring mail
rPois    .         Reflect  .   c - +0 helmet
rElec    .         Harm     .   m - scarf {repulsion}
rCorr    .         Rampage  .   (no gloves)
MR       +....                  i - +0 pair of boots
Stlth    +.........             (no amulet)
HPRegen  0.00/turn              (no ring)
MPRegen  0.10/turn              (no ring)

@: lethally poisoned (-1 -> -1), non-regenerating, repel missiles
A: damage resistance, heal wounds, repulsion field 1, thin metallic scales 1,
deterioration 1, sense surroundings 1, no regeneration
a: Heal Wounds, Renounce Religion


You were on level 5 of the Dungeon.
You worshipped Makhleb.
Makhleb was noncommittal.
You visited 2 branches of the dungeon, and saw 7 of its levels.

You collected 293 gold pieces.

Inventory:

Hand Weapons
 a - a +0 war axe
 k - a +0 hand axe (weapon)
   (You found it on level 1 of the Dungeon)
 p - a +6 spectral club
   (You took it off Robin on level 3 of the Dungeon)
Missiles
 d - 5 curare-tipped darts
 u - 2 throwing nets {=f, !d}
Armour
 c - a +0 helmet (worn)
 i - a +0 pair of boots (worn)
   (You found it on level 1 of the Dungeon)
 m - a scarf of repulsion (worn)
   (You found it on level 2 of the Dungeon)
 n - a +0 ring mail (worn)
   (You found it on level 2 of the Dungeon)
Wands
 f - a wand of flame (15)
   (You found it on level 4 of the Dungeon)
 g - a wand of polymorph (10)
   (You found it on level 4 of the Dungeon)
 r - a wand of disintegration (7)
   (You found it on level 3 of the Dungeon)
Scrolls
 e - 4 scrolls of teleportation
 h - 3 scrolls of noise {unknown}
 l - a scroll of enchant weapon {unknown}
 q - 5 scrolls of identify {unknown}
 s - a scroll of fog {unknown}
 t - 3 scrolls of brand weapon {unknown}
Potions
 b - 3 potions of curing
 j - a potion of flight
 o - a potion of lignification {unknown}


   Skills:
 - Level 1.7 Fighting
 + Level 8.5 Axes
 - Level 1.7 Throwing
 - Level 3.2 Dodging
 - Level 5.3 Evocations


You had 6 spell levels left.
You didn't know any spells.
Your spell library was empty.

Dungeon Overview and Level Annotations

Branches:
Dungeon (6/15)             Temple (1/1) D:5

Altars:
Dithmenos
Elyvilon
Kikubaaqudgha
Makhleb
Ru
Trog
The Shining One


Innate Abilities, Weirdness & Mutations

You are resistant to damage.
You can heal yourself by infusing magical energy.
You passively map a small area around you.
You do not regenerate.
You are surrounded by a mild repulsion field. (EV +2)
You are partially covered in thin metallic scales. (AC +2)
Your body sometimes deteriorates upon taking damage.


Message History

The centaur is blasted!!
You completely miss the centaur.
The centaur is almost dead.
The centaur unwields a +0 shortbow.
The centaur completely misses you.
You hit the centaur.
You kill the centaur!
Makhleb accepts your kill.
You feel your dexterity returning.
Evoke which item? (* to show all) (? for menu, Esc to quit)
Aiming: Disintegrate
Press: ? - help, Shift-Dir - straight line, f - gnoll
Aim: a gnoll, wielding a +0 whip (chance to defeat MR: 88%)
The gnoll is blasted!!
You blow up the gnoll!
Makhleb accepts your kill.
The gnoll hits you from afar with a +1 vampiric halberd.
You take 2 damage, and have 19/58 hp.
Evoke which item? (* to show all) (? for menu, Esc to quit)
Aiming: Disintegrate
Press: ? - help, Shift-Dir - straight line, f - gnoll
Aim: a gnoll, wielding a +1 vampiric halberd (chance to defeat MR: 88%)
The gnoll is blasted!!
You blow up the gnoll!
Makhleb accepts your kill.
The gnoll throws a throwing net.
The throwing net misses you.
Evoke which item? (* to show all) (? for menu, Esc to quit)
Aiming: Disintegrate
Press: ? - help, Shift-Dir - straight line, f - gnoll
Aim: a gnoll, wielding a +0 flail of holy wrath (chance to defeat MR: 88%)
The gnoll barely resists.
You barely miss the gnoll. You barely miss the gnoll.
The gnoll barely misses you.
You closely miss the gnoll. You hit the gnoll. The gnoll closely misses you.
The gnoll barely misses you.
Okay, then.
Press: ? - help, v - describe, . - travel, g - get item
Here: a gnoll, wielding a +0 flail of holy wrath Item here: a +0 whip.
The floor.
Unknown command.
Evoke which item? (* to show all) (? for menu, Esc to quit)
Aiming: Disintegrate
Press: ? - help, Shift-Dir - straight line, f/p - gnoll
Aim: a gnoll, wielding a +0 flail of holy wrath (chance to defeat MR: 88%)
The gnoll is blasted!!
You blow up the gnoll!
Makhleb accepts your kill. The gnoll misses you.
You hit the gnoll.
The gnoll is severely wounded.
The gnoll hits you with a +0 flail!
* * * LOW HITPOINT WARNING * * *
Your body deteriorates!
You feel clumsy.
You take 7 damage, and have 12/58 hp.
You closely miss the gnoll.
The gnoll is severely wounded.
You slash the gnoll!
You kill the gnoll!
Makhleb accepts your kill.
u - 2 throwing nets {=f, !d} (gained 1)
You see here an arrow.
Things that are here:
a +0 flail of holy wrath; a +0 whip
Things that are here:
a +0 flail; a gnoll corpse
Items here: ( )) †.
There is an open door, spattered with blood here.
Things that are here:
a +0 spear; a +1 ring mail of cold resistance You now have 293 gold pieces (gained 11).
You open the door.
There is an open door here.
As you open the door, it creaks loudly!
A worker ant comes into view.
There is an open door here.
Found a dagger.
Found an escape hatch in the ceiling.
The worker ant completely misses you.
You see here a dagger.
You hit the worker ant.
The worker ant is lightly wounded.
The worker ant barely misses you.
You slash the worker ant!
The worker ant is severely wounded.
The worker ant bites you.
* * * LOW HITPOINT WARNING * * *
You are poisoned.
The worker ant poisons you!
You take 5 damage, and have 7/58 hp.
You closely miss the worker ant.
The worker ant is severely wounded.
The worker ant bites you!
* * * LOW HITPOINT WARNING * * *
You take 5 damage, and have 2/58 hp.
You closely miss the worker ant.
The worker ant is severely wounded.
The worker ant barely misses you.
You hit the worker ant but do no damage.
The worker ant is severely wounded.
The worker ant bites you.
You die...

, ,, #####... + *
* #......# , *
#......# , , , ,
* #......# ,
#......# #......#
#.a..<.# ,
#.@....#
#######......###
* ,
....^...######.##
...
........'.......#
..
........#.......#
.
........#.......#
, ,
........#.......#
*
#########.......#
, #.......#


You could see a worker ant.

Vanquished Creatures
  2 ogres
  A centaur (D:5)
  A gnoll sergeant (D:5)
  A howler monkey (D:4)
  A hound (D:4)
  An orc priest (D:3)
  A centaur skeleton (D:5)
  2 worker ants (D:4)
  An orc wizard (D:2)
  Robin (D:3)
  4 adders
  4 gnolls (D:5)
  A shadow imp (D:4)
  A white imp (D:5)
  An ooze (D:1)
  2 adder skeletons
  6 worms
  2 dart slugs (D:2)
  4 leopard geckos
  3 orcs (D:3)
  2 ball pythons (D:1)
  A bat zombie (D:2)
  15 goblins
  9 hobgoblins
  11 jackals
  7 kobolds
  4 quokkas
  7 bats
  3 frilled lizards (D:1)
  A leopard gecko skeleton (D:2)
  A quokka zombie (D:2)
  7 rats
108 creatures vanquished.

Vanquished Creatures (others)
  3 withered plants (D:2)
3 creatures vanquished.

Grand Total: 111 creatures vanquished

Notes
Turn   | Place    | Note
-------+----------+-------------------------------------------
     0 | D:1      | Irenicus the Deep Dwarf Gladiator began the quest for the
                  | Orb.
     0 | D:1      | Reached XP level 1. HP: 19/19 MP: 1/1
   317 | D:1      | Reached XP level 2. HP: 26/26 MP: 2/2
   348 | D:1      | Reached skill level 4 in Axes
   648 | D:2      | Reached XP level 3. HP: 25/32 MP: 3/3
   720 | D:2      | Found a sacrificial altar of Ru.
   732 | D:2      | Reached skill level 5 in Axes
   753 | D:2      | Reached XP level 4. HP: 29/39 MP: 4/4
  1070 | D:3      | Noticed Robin
  1084 | D:3      | Killed Robin
  1084 | D:3      | Reached skill level 6 in Axes
  1202 | D:3      | Found a bloodstained altar of Trog.
  1234 | D:3      | Reached XP level 5. HP: 15/45 MP: 5/5
  1347 | D:3      | HP: 9/45 [orc/+0 mace (3)]
  1348 | D:3      | Gained mutation: Your body sometimes deteriorates upon
                  | taking damage. [potion of mutation]
  1348 | D:3      | Gained mutation: You are partially covered in thin metallic
                  | scales. (AC +2) [potion of mutation]
  1348 | D:3      | Gained mutation: You are surrounded by a mild repulsion
                  | field. (EV +2) [potion of mutation]
  1527 | D:4      | HP: 8/45 [jackal (1)]
  1647 | D:4      | HP: 4/45 [worker ant (4)]
  1652 | D:4      | Reached skill level 7 in Axes
  1758 | D:4      | HP: 11/45 [adder (1)]
  1769 | D:4      | HP: 3/45 [shadow imp/nerve-wracking pain (8)]
  1977 | D:4      | Noticed an ogre
  1980 | D:4      | Killed an ogre
  1980 | D:4      | Reached skill level 3 in Evocations
  1980 | D:4      | Reached XP level 6. HP: 24/52 MP: 6/6
  1990 | D:4      | Reached skill level 4 in Evocations
  2149 | D:5      | Entered Level 5 of the Dungeon
  2162 | D:5      | Found a staircase to the Ecumenical Temple.
  2169 | Temple   | Entered the Ecumenical Temple
  2174 | Temple   | Became a worshipper of Makhleb the Destroyer
  2296 | D:5      | Reached skill level 5 in Evocations
  2299 | D:5      | Reached XP level 7. HP: 21/58 MP: 7/7
  2432 | D:5      | Reached skill level 8 in Axes
  2444 | D:5      | HP: 12/58 [gnoll/+0 flail (7)]
  2494 | D:5      | HP: 7/58 [worker ant (5)]
  2495 | D:5      | HP: 2/58 [worker ant (5)]
  2497 | D:5      | Slain by a worker ant

Illustrated notes

Levels and vault maps discovered:
D:1:      wander_arrival_estate, layout_basic, minmay_split_cup_large
D:2:      layout_rooms, serial_undead, serial_undead_d, serial_undead_e,
          serial_undead_e, serial_undead_e, nicolae_ru_great_annihilating_truth
D:3:      layout_basic, trog_three_pillars_becter, uniq_robin
D:4:      layout_basic
D:5:      layout_gridville, minmay_temple_entry_wispy
D:6:      layout_cave_pods, grunt_gozag_breadcrumbs, uniq_menkaure
Temple:   nicolae_temple_the_god_donut

Skill      XL: |  1  2  3  4  5  6  7 |
---------------+----------------------+-----
Axes           | 4 5 6 7 8 |  8.5
Evocations     | 3 5 |  5.3
Fighting       | |  1.7
Throwing       | |  1.7
Dodging        | |  3.2

Action                   |  1- 3 |  4- 6 |  7- 9 || total
-------------------------+-------+-------+-------++-------
Melee: War axe           |    42 |       |       ||    42
       Hand axe          |    44 |   208 |    54 ||   306
       Club              |       |    12 |       ||    12
Throw: Throwing net      |     2 |     5 |       ||     7
Evoke: Wand              |       |     8 |     8 ||    16
  Use: Scroll            |       |     1 |       ||     1
       Potion            |       |     5 |       ||     5
 Stab: Sleeping          |     1 |       |       ||     1
       Held in net/web   |       |     4 |       ||     4
Armor: Leather armour    |    25 |     4 |       ||    29
       Ring mail         |       |    73 |    21 ||    94
Dodge: Dodged            |    56 |   144 |    50 ||   250
       Repelled          |       |       |     1 ||     1

Table legend: (Time is in decaauts)
 A = Elapsed time spent in this place.
 B = Non-inter-level travel time spent in this place.
 C = Inter-level travel time spent in this place.
 D = Time resting spent in this place.
 E = Time spent auto-exploring this place.
 F = Levels seen in this place.
 G = Mean time per level.
                   A        B        C        D        E       F      G
               +--------+--------+--------+--------+--------+-----+--------+
         Total |   2510 |   2310 |    200 |      0 |     27 |   7 |  358.6 |
       Dungeon |   2499 |   2299 |    200 |      0 |     27 |   6 |  416.5 |
        Temple |     10 |     10 |      0 |      0 |      0 |   1 |   10.0 |
               +--------+--------+--------+--------+--------+-----+--------+

Top non-repeatable levels by time:
     D:4: 694 daAuts
     D:1: 631 daAuts
     D:3: 484 daAuts
     D:2: 416 daAuts
     D:5: 246 daAuts
     D:6: 26 daAuts
  Temple: 10 daAuts

Table legend:
 A = Kills in this place as a percentage of kills in entire the game.
 B = Kills by you in this place as a percentage of kills by you in the entire game.
 C = Kills by friends in this place as a percentage of kills by friends in the entire game.
 D = Other kills in this place as a percentage of other kills in the entire game.
 E = Experience gained in this place as a percentage of experience gained in the entire game.
 F = Experience gained in this place divided by the number of levels of this place that you have seen.
                   A       B       C       D       E      F
               +-------+-------+-------+-------+-------+----------------------
         Total | 100.0 | 100.0 |   N/A |   N/A | 100.0 | 152.1
       Dungeon | 100.0 | 100.0 |   N/A |   N/A | 100.0 | 177.5
               +-------+-------+-------+-------+-------+----------------------
